 Dungeon Crawl Stone Soup version 0.28-a0-381-g937acc2988 (webtiles) character file.

Game seed: 10149736144367112962

2361 omnomnOMINOUS the Skirmisher (level 9, -1/64 HPs)
             Began as an Octopode Wanderer on Sept 1, 2021.
             Was a Priest of Qazlal.
             Slain by an unseen horror (3 damage)
             ... on level 8 of the Dungeon.
             The game lasted 00:15:59 (8252 turns).

omnomnOMINOUS the Skirmisher (Octopode Wanderer)    Turns: 8252, Time: 00:15:59

Health: -1/64      AC:  1    Str: 11    XL:     9   Next: 44%
Magic:  12/12      EV: 16    Int: 15    God:    Qazlal [***...]
Gold:   303        SH:  9    Dex: 19    Spells: 9/12 levels left

rFire   + . .      SeeInvis .   a - +8 long sword of the Real Monster {venom, Str-2 Dex+7}
rCold   . . .      Faith    .   (no shield)
rNeg    . . .      Spirit   .   (helmet restricted)
rPois   .          Reflect  +   s - amulet of reflection
rElec   .          Harm     .   x - ring of protection from fire
rCorr   .          Rampage  .   (no ring)
Will    .....                   (no ring)
Stlth   ++........              (no ring)
HPRegen 0.20/turn               (no ring)
MPRegen 0.13/turn               (no ring)
                                (no ring)
                                (no ring)

@: mighty, flying, invisible
A: almost no armour, amphibious, 8 rings, camouflage 1, gelatinous body 1,
(nimble swimmer 1), tentacles
a: Renounce Religion, Upheaval, Elemental Force


You were on level 8 of the Dungeon.
You worshipped Qazlal.
Qazlal was most pleased with you.
You visited 2 branches of the dungeon, and saw 9 of its levels.
You also visited: Sewer.

You collected 303 gold pieces.

Inventory:

Hand Weapons
 a - the +8 long sword of the Real Monster (weapon) {venom, Str-2 Dex+7}
   (You found it on level 7 of the Dungeon)

   It poisons the flesh of those it strikes.
   Str:       It affects your strength (-2).
   Dex:       It affects your dexterity (+7).
 b - a +2 spear
 c - a +4 dagger of holy wrath
Armour
 w - a +0 kite shield
Jewellery
 s - an amulet of reflection (around mantle)
 x - a ring of protection from fire (left tentacle)
Wands
 k - a wand of paralysis (6)
 A - a wand of charming (7)
Scrolls
 d - 11 scrolls of identify {unknown}
 f - a scroll of fog {unknown}
 g - a scroll of amnesia {unknown}
 i - a scroll of holy word {unknown}
 j - 2 scrolls of fear {unknown}
 l - a scroll of noise {unknown}
 n - a scroll of blinking {unknown}
 p - 3 scrolls of teleportation {unknown}
 t - a scroll of magic mapping {unknown}
 y - 2 scrolls of enchant weapon {unknown}
 z - a scroll of enchant armour {unknown}
Potions
 h - a potion of attraction {unknown}
 m - 2 potions of haste
 q - a potion of mutation {unknown}
 r - a potion of brilliance
 u - 2 potions of curing
 v - a potion of heal wounds {unknown}


   Skills:
 + Level 7.2 Fighting
 * Level 7.2 Polearms
 + Level 4.9 Dodging
 - Level 2.6 Stealth
 - Level 2.0 Spellcasting
 * Level 6.2 Summonings
 - Level 1.0 Transmutations
 - Level 2.0 Air Magic


You had 9 spell levels left.
You knew the following spells:

 Your Spells              Type           Power      Damage    Failure   Level
a - Call Canine Familiar  Summ           20%        N/A       5%          3

Your spell library contained the following spells:

 Spells                   Type           Power      Damage    Failure   Level
 Call Imp                 Summ           20%        N/A       2%          2
 Freeze                   Ice            4%         1d3       22%         1
 Magic Dart               Conj           4%         1d3       22%         1
 Mephitic Cloud           Conj/Pois/Air  3%         N/A       45%         3
 Frozen Ramparts          Ice            2%         1d2       54%         3
 Portal Projectile        Hex/Tloc       2%         N/A       54%         3
 Tukima's Dance           Hex            1%         N/A       54%         3
 Hailstorm                Conj/Ice       1%         3d3       91%         4
 Leda's Liquefaction      Hex/Erth       0%         N/A       91%         4
 Passage of Golubria      Tloc           N/A        N/A       91%         4
 Yara's Violent Unravell  Hex/Tmut       1%         3d3       99%         5


Dungeon Overview and Level Annotations

Branches:
Dungeon (8/15)             Temple (1/1) D:6           Sewer (visited)
   Lair: D:8-11

Altars:
Ashenzari
Cheibriados
Dithmenos
Elyvilon
Fedhas
Gozag
Hepliaklqana
Kikubaaqudgha
Nemelex Xobeh
Okawaru
Qazlal
Ru
Trog
Uskayaw
Vehumet
Wu Jian
Xom
Yredelemnul
Zin

Shops:
D:2 *?*


Innate Abilities, Weirdness & Mutations

You cannot wear most types of armour.
You are amphibious.
You can wear up to eight rings at the same time.
Your skin changes colour to match your surroundings (Stealth+).
Your rubbery body absorbs attacks. (AC +1, EV +1)
((You are camouflaged near water. (Stealth+)))
You have tentacles for arms and can constrict up to eight enemies at once.


Message History

No target in view!
No target in view!
No target in view!
No target in view!
No target in view!
No target in view!
Things that are here:
a +0 falchion; a +0 scale mail; an orc corpse Done exploring.
Done exploring.
You see here 2 javelins.
There is a stone staircase leading down here.
You climb downwards.
Found a glowing inky potion.
There is a stone staircase leading up here.
B - a glowing inky potion
There is a strange disturbance nearby!
No target in view!
Something hits you!
Deactivating autopickup; reactivate with Ctrl-A.
Something hits you! x2
You slash something! You squeeze something. Something hits you.
You block something's attack.
You slash something! Your squeeze misses something. Something hits you!
You barely miss something. Something hits you!
* * * LOW HITPOINT WARNING * * *
Something hits you.
* * * LOW HITPOINT WARNING * * *
It was a potion of might.
You feel very mighty all of a sudden. Something hits you!
* * * LOW HITPOINT WARNING * * *
It was a potion of flight.
You feel very buoyant.
You fly up into the air.
Something hits you.
* * * LOW HITPOINT WARNING * * *
It was a potion of invisibility.
You fade into invisibility!
Something hits you.
You die...

#.# #.# #.# #.# #.#
# #.# ... ##.#####
#..#######......#
#....@..........#
....########......#
. ##.##.######
#...<.....#
####.####.# ...#
#.#### #


There were no monsters in sight!

Vanquished Creatures
  Grinder (D:4)
  Eustachio (D:4)
  Menkaure (D:6)
  Duvessa (D:6)
  Purgy (Sewer)
  3 sky beasts
  2 ice beasts
  2 black bears (D:6)
  An ogre (D:4)
  A necrophage (D:6)
  A phantom (D:5)
  2 kobold brigands (D:7)
  A bullfrog (D:7)
  A scorpion (D:6)
  Dowan (D:6)
  A wyvern skeleton (D:6)
  A centaur zombie (D:6)
  A jelly (D:5)
  2 hounds
  A hound skeleton (D:3)
  Robin (D:4)
  A howler monkey skeleton (D:7)
  8 adders
  A river rat (D:3)
  2 ufetubi
  3 worms
  A dart slug (D:2)
  7 orcs
  14 ball pythons
  7 endoplasms
  3 giant cockroaches (D:3)
  17 goblins
  9 hobgoblins
  10 kobolds
  2 quokkas
  3 bats
  7 frilled lizards
  3 rats
125 creatures vanquished.

Vanquished Creatures (collateral kills)
  An ogre (D:5)
  A hound (D:6)
  2 kobolds (D:7)
4 creatures vanquished.

Grand Total: 129 creatures vanquished

Notes
Turn   | Place    | Note
-------+----------+-------------------------------------------
     0 | D:1      | omnomnOMINOUS the Octopode Wanderer began the quest for the
                  | Orb.
     0 | D:1      | omnomnOMINOUS set off with the following items: a +2 spear,
                  | a potion of curing, a +0 dagger
     0 | D:1      | Reached XP level 1. HP: 18/18 MP: 1/1
   170 | D:1      | Reached skill level 1 in Polearms
   170 | D:1      | Reached XP level 2. HP: 22/24 MP: 2/2
   307 | D:1      | Found a faded altar of an unknown god.
   311 | D:1      | Became a worshipper of Qazlal Stormbringer
   311 | D:1      | Reached * piety under Qazlal
   497 | D:1      | Reached skill level 1 in Dodging
   985 | D:1      | Reached XP level 3. HP: 26/29 MP: 3/3
  1109 | D:2      | Found Febidiyd's Assorted Antiques.
  1153 | D:2      | Found Alei's Magic Scroll Emporium.
  1436 | D:2      | Found Ifeemn Enera's General Store.
  2012 | D:3      | Reached XP level 4. HP: 35/35 MP: 4/4
  2085 | D:3      | Reached ** piety under Qazlal
  2105 | D:3      | Found a glowing drain.
  2329 | Sewer    | Entered a sewer
  2358 | Sewer    | Reached skill level 1 in Spellcasting
  2387 | Sewer    | Noticed Purgy
  2486 | Sewer    | Killed Purgy
  2487 | Sewer    | Reached XP level 5. HP: 20/39 MP: 5/7
  2636 | Sewer    | Learned a level 3 spell: Call Canine Familiar
  3052 | D:3      | Reached XP level 6. HP: 45/45 MP: 7/9
  3540 | D:4      | Found a shimmering altar of Xom.
  3616 | D:4      | Found a snail-covered altar of Cheibriados.
  3617 | D:4      | Found a stormy altar of Qazlal.
  3617 | D:4      | Noticed Grinder
  3709 | D:4      | Found a white marble altar of Elyvilon.
  3829 | D:4      | You fall into a shaft and drop 1 floor!
  3829 | D:5      | Entered Level 5 of the Dungeon
  3835 | D:5      | Noticed a sky beast
  3848 | D:5      | Killed a sky beast
  3849 | D:5      | Reached skill level 1 in Summonings
  3912 | D:4      | Noticed Robin
  3936 | D:4      | Killed Robin
  3937 | D:4      | Reached *** piety under Qazlal
  4086 | D:4      | Found an ancient bone altar of Kikubaaqudgha.
  4187 | D:4      | Noticed Eustachio
  4198 | D:4      | Killed Eustachio
  4199 | D:4      | Reached XP level 7. HP: 51/51 MP: 10/10
  4529 | D:4      | Paralysed by Grinder for 4 turns
  4539 | D:4      | Killed Grinder
  4880 | D:4      | Reached skill level 5 in Polearms
  5178 | D:5      | Reached XP level 8. HP: 57/57 MP: 8/11
  5796 | D:6      | Noticed Duvessa
  5796 | D:6      | Noticed Dowan
  5825 | D:6      | Noticed Menkaure
  6109 | D:6      | Killed Menkaure
  6110 | D:6      | Reached skill level 5 in Summonings
  6213 | D:6      | Killed Duvessa
  6214 | D:6      | Reached XP level 9. HP: 24/63 MP: 2/12
  6219 | D:6      | Killed Dowan
  6997 | D:6      | Found a hide-covered altar of Uskayaw.
  7068 | D:6      | Found a staircase to the Ecumenical Temple.
  7072 | Temple   | Entered the Ecumenical Temple
  7468 | D:7      | Identified the +8 long sword of the Real Monster {venom,
                  | Str-2 Dex+7}
  8251 | D:8      | HP: 1/64 [something (4)]
  8252 | D:8      | Slain by an unseen horror

Illustrated notes

Levels and vault maps discovered:
D:1:      dpeg_arrival_arbitrary_a, layout_loops_ring,
          dreamdust_ecumenical_altar_grove
D:2:      layout_basic, serial_shops, shop, shop, shop, grunt_decor_clamped,
          minmay_misc_feat_doors
D:3:      layout_basic, portal_sewer_entry_a
D:4:      layout_rooms, marbit_many_paths, brannock_xom_greatest_gift,
          elyvilon_altar_1, nicolae_overflow_hidden_temple, uniq_grinder,
          uniq_eustachio, uniq_robin
D:5:      layout_loops_cross
D:6:      layout_cave_pools, lemuel_tele_altar, temple_hall_moat, uniq_duvessa,
          uniq_menkaure
D:7:      layout_loops_ring
D:8:      layout_loops_ring, lair_entry_dummy, roderic_roman_lattice,
          minmay_shop_enchanted_jewellery, uniq_erica, uniq_grum, uniq_harold
Temple:   dshaligram_water_room_temple

Skill      XL: |  1  2  3  4  5  6  7  8  9 |
---------------+----------------------------+-----
Polearms       | 1 2 3 4 5 6 7 |  7.2
Dodging        | 1 2 3 4 |  4.9
Spellcasting   | 1 2 |  2.0
Summonings     | 2 3 5 6 |  6.2
Fighting       | 6 7 |  7.2
Stealth        | |  2.6
Transmutations | |  1.0
Air Magic      | |  2.0

Action                   |  1- 3 |  4- 6 |  7- 9 || total
-------------------------+-------+-------+-------++-------
Melee: Spear             |    79 |   165 |   145 ||   389
       Constrict         |    15 |    22 |    22 ||    59
       Tentacles         |     8 |    22 |    31 ||    61
       Dagger            |       |     4 |     4 ||     8
       Long sword        |       |       |    16 ||    16
 Cast: Call Canine Famil |       |       |    15 ||    15
Evoke: Wand              |       |     4 |     2 ||     6
  Use: Potion            |       |       |     7 ||     7
 Stab: Sleeping          |     2 |       |       ||     2
       Paralysed         |       |     4 |     4 ||     8
       Distracted        |       |     1 |       ||     1
Armor: Skin              |     3 |     5 |     5 ||    13
Dodge: Dodged            |    17 |    49 |    49 ||   115
Block: Other             |     5 |    15 |    33 ||    53
       Reflection        |       |       |     1 ||     1

Table legend: (Time is in decaauts)
 A = Elapsed time spent in this place.
 B = Non-inter-level travel time spent in this place.
 C = Inter-level travel time spent in this place.
 D = Time resting spent in this place.
 E = Time spent auto-exploring this place.
 F = Levels seen in this place.
 G = Mean time per level.
                   A        B        C        D        E       F      G
               +--------+--------+--------+--------+--------+-----+--------+
         Total |   8200 |   8011 |    189 |   2295 |   4527 |  10 |  820.0 |
       Dungeon |   7470 |   7281 |    189 |   2043 |   4247 |   8 |  933.8 |
        Temple |    110 |    110 |      0 |      0 |     60 |   1 |  110.0 |
         Sewer |    619 |    619 |      0 |    252 |    220 |   1 |  619.0 |
               +--------+--------+--------+--------+--------+-----+--------+

Top non-repeatable levels by time:
     D:4: 1350 daAuts
     D:5: 1343 daAuts
     D:1: 1045 daAuts
     D:2: 965 daAuts
     D:7: 952 daAuts
     D:6: 921 daAuts
     D:3: 871 daAuts
   Sewer: 619 daAuts
  Temple: 110 daAuts
     D:8: 21 daAuts
